| TOP OF THE 1ST |
|
New York Yankees batting - Pitching for Baltimore Orioles : LHP Randy Johnson Jr.
|
|
Pitching: LHP Randy Johnson Jr.
|
|
|
Batting: LHB Jason Peck
|
0-0: Called Strike 0-1: Called Strike 0-2: Ball 1-2: Strikes out swinging
|
|
Batting: LHB Evan Torraville
|
0-0: Ball 1-0: Ball 2-0: Called Strike 2-1: Foul Ball, location: 2F 2-2: Foul Ball, location: 2F 2-2: Foul Ball, location: 2F 2-2: SINGLE (Flyball, 8LS, EV 92.5 MPH)
|
|
Batting: SHB Bartholomeu Chambino
|
0-0: Ball Evan Torraville steals 2nd, throwing error, E2 Evan Torraville to third 1-0: Foul Ball, location: 2F 1-1: Called Strike 1-2: Ball 2-2: Ground out 5-3 (Groundball, 5L, EV 87.5 MPH) Evan Torraville scores
|
|
Batting: RHB C.J. Richerson
|
0-0: Foul Ball, location: 2F 0-1: Ball 1-1: DOUBLE (Line Drive, 9LS, EV 103.1 MPH)
|
|
Batting: RHB Geni Prawiranega
|
0-0: Ball 1-0: Called Strike 1-1: Fly out, F8 (Flyball, 8LD, EV 96.3 MPH)
|
| Top of the 1st over - 1 run, 2 hits, 1 error, 1 left on base; New York 1 - Baltimore 0 |
| BOTTOM OF THE 1ST |
|
Baltimore Orioles batting - Pitching for New York Yankees : RHP John Brice
|
|
Pitching: RHP John Brice
|
|
|
Batting: RHB Saimei Kudo
|
0-0: Fly out, F9 (Flyball, 9, EV 90.0 MPH)
|
|
Batting: RHB Marc Peckermark
|
0-0: Ground out 1-3 (Groundball, 15, EV 68.1 MPH)
|
|
Batting: LHB Brad Pepin
|
0-0: Called Strike 0-1: Called Strike 0-2: Ground out U3 (Groundball, 34, EV 102.5 MPH)
|
| Bottom of the 1st over - 0 runs, 0 hits, 0 errors, 0 left on base; New York 1 - Baltimore 0 |
| TOP OF THE 2ND |
|
New York Yankees batting - Pitching for Baltimore Orioles : LHP Randy Johnson Jr.
|
|
Batting: RHB Kai Bellow
|
0-0: Called Strike 0-1: Fly out, F7 (Line Drive, 7S, EV 98.8 MPH)
|
|
Batting: LHB Jordan de Jesus
|
0-0: Ground out 6-3 (Groundball, 6, EV 85.6 MPH)
|
|
Batting: LHB David Bramble
|
0-0: Swinging Strike 0-1: Ball 1-1: Called Strike 1-2: Foul Ball, location: 2F 1-2: DOUBLE (Flyball, 8LXD, EV 93.8 MPH)
|
|
Batting: LHB Yao-pang Tien
|
0-0: Ball 1-0: Ball 2-0: Ball 3-0: Called Strike 3-1: SINGLE (Groundball, 4MD, EV 107.5 MPH) David Bramble to third Runner from 3rd tries for Home, SAFE, throw by CF to home
|
|
Batting: LHB Jason Peck
|
0-0: Ball 1-0: Foul Ball, location: 2F 1-1: SINGLE (Groundball, 6, EV 98.1 MPH) Yao-pang Tien to second Runner from 2nd tries for 3rd, SAFE, throw by LF made to third Jason Peck to second
|
|
Batting: LHB Evan Torraville
|
0-0: Ball 1-0: SINGLE (Groundball, 3S, EV 71.3 MPH) (infield hit) Yao-pang Tien scores Jason Peck to third
|
|
Batting: SHB Bartholomeu Chambino
|
0-0: Called Strike 0-1: Foul Ball, location: 2F 0-2: Ball 1-2: Fielders Choice at 2nd, 5-4 (Groundball, 56, EV 85.6 MPH)
|
| Top of the 2nd over - 2 runs, 4 hits, 0 errors, 2 left on base; New York 3 - Baltimore 0 |
| BOTTOM OF THE 2ND |
|
Baltimore Orioles batting - Pitching for New York Yankees : RHP John Brice
|
|
Batting: RHB Kevin Howard
|
0-0: Called Strike 0-1: Ball 1-1: Ball 2-1: Swinging Strike 2-2: Foul Ball, location: 2F 2-2: Foul Ball, location: 2F 2-2: Foul Ball, location: 2F 2-2: Fly out, F7 (Flyball, 78XD, EV 106.9 MPH)
|
|
Batting: RHB Alex Rodriguez Jr.
|
0-0: Ball 1-0: Fly out, F9 (Line Drive, 9, EV 94.4 MPH)
|
|
Batting: LHB Bob Melley
|
0-0: Ball 1-0: Foul Ball, location: 2F 1-1: Foul Ball, location: 2F 1-2: Ground out 4-3 (Groundball, 34, EV 110.0 MPH)
|
| Bottom of the 2nd over - 0 runs, 0 hits, 0 errors, 0 left on base; New York 3 - Baltimore 0 |
| TOP OF THE 3RD |
|
New York Yankees batting - Pitching for Baltimore Orioles : LHP Randy Johnson Jr.
|
|
Batting: RHB C.J. Richerson
|
0-0: Swinging Strike 0-1: Ball 1-1: Ground out 6-3 (Groundball, P, EV 85.6 MPH)
|
|
Batting: RHB Geni Prawiranega
|
0-0: Ground out 6-3 (Groundball, 6S, EV 81.9 MPH)
|
|
Batting: RHB Kai Bellow
|
0-0: Fly out, F8 (Line Drive, 8RM, EV 91.9 MPH)
|
| Top of the 3rd over - 0 runs, 0 hits, 0 errors, 0 left on base; New York 3 - Baltimore 0 |
| BOTTOM OF THE 3RD |
|
Baltimore Orioles batting - Pitching for New York Yankees : RHP John Brice
|
|
Batting: RHB Ruben Garza
|
0-0: Ball 1-0: Ball 2-0: SOLO HOME RUN (Flyball, 9D, EV 99.4 MPH), Distance : 371 ft
|
|
Batting: RHB Josh Hamilton
|
0-0: Called Strike 0-1: Ball 1-1: Foul Ball, location: 2F 1-2: Foul Ball, location: 2F 1-2: Ball 2-2: Foul Ball, location: 2F 2-2: Ball 3-2: Base on Balls
|
|
Batting: RHB Andres Leon
|
0-0: Foul Ball, location: 2F 0-1: Called Strike 0-2: Ball 1-2: Ball 2-2: Ball 3-2: Strikes out swinging
|
|
Batting: RHB Saimei Kudo
|
0-0: Ground out 6-3 (Groundball, P, EV 81.3 MPH) Josh Hamilton to second
|
|
Batting: RHB Marc Peckermark
|
0-0: Ball 1-0: Called Strike 1-1: Foul Ball, location: 2F 1-2: Ball 2-2: Foul Ball, location: 2F 2-2: Foul Ball, location: 2F 2-2: Ground out U3 (Groundball, 3, EV 85.6 MPH)
|
| Bottom of the 3rd over - 1 run, 1 hit, 0 errors, 1 left on base; New York 3 - Baltimore 1 |
| TOP OF THE 4TH |
|
New York Yankees batting - Pitching for Baltimore Orioles : LHP Randy Johnson Jr.
|
|
Batting: LHB Jordan de Jesus
|
0-0: Ball 1-0: Foul Ball, location: 2F 1-1: Swinging Strike 1-2: Ball 2-2: Strikes out swinging
|
|
Batting: LHB David Bramble
|
0-0: Fly out, F5 (Popup, 5L, EV 63.1 MPH)
|
|
Batting: LHB Yao-pang Tien
|
0-0: Ball 1-0: Foul Ball, location: 2F 1-1: Foul Ball, location: 2F 1-2: Foul Ball, location: 2F 1-2: Fly out, F9 (Flyball, 9LD, EV 78.8 MPH)
|
| Top of the 4th over - 0 runs, 0 hits, 0 errors, 0 left on base; New York 3 - Baltimore 1 |
| BOTTOM OF THE 4TH |
|
Baltimore Orioles batting - Pitching for New York Yankees : RHP John Brice
|
|
Batting: LHB Brad Pepin
|
0-0: Foul Ball, location: 2F 0-1: Ball 1-1: Called Strike 1-2: Foul Ball, location: 2F 1-2: Strikes out swinging
|
|
Batting: RHB Kevin Howard
|
0-0: Foul Ball, location: 2F 0-1: Ball 1-1: Foul Ball, location: 2F 1-2: Foul Ball, location: 2F 1-2: SINGLE (Groundball, 6D, EV 106.9 MPH)
|
|
Batting: RHB Alex Rodriguez Jr.
|
0-0: Ball 1-0: Ball 2-0: Called Strike 2-1: Ball 3-1: Called Strike 3-2: Foul Ball, location: 2F 3-2: Strikes out swinging
|
|
Batting: LHB Bob Melley
|
0-0: Ball 1-0: Ball 2-0: Called Strike 2-1: Foul Ball, location: 2F 2-2: Ball 3-2: Base on Balls Kevin Howard to second
|
|
Batting: RHB Ruben Garza
|
0-0: Ball 1-0: Called Strike 1-1: Foul Ball, location: 2F 1-2: Ball 2-2: Strikes out swinging
|
| Bottom of the 4th over - 0 runs, 1 hit, 0 errors, 2 left on base; New York 3 - Baltimore 1 |
| TOP OF THE 5TH |
|
New York Yankees batting - Pitching for Baltimore Orioles : LHP Randy Johnson Jr.
|
|
Batting: LHB Jason Peck
|
0-0: Ball 1-0: Called Strike 1-1: Ball 2-1: Swinging Strike 2-2: Ball 3-2: Ground out 4-3 (Groundball, 4, EV 89.4 MPH)
|
|
Batting: LHB Evan Torraville
|
0-0: Ball 1-0: Ball 2-0: Foul Ball, location: 2F 2-1: Ball 3-1: Foul Ball, location: 2F 3-2: Foul Ball, location: 2F 3-2: Reached on error, E6 (Groundball, 6, EV 96.3 MPH)
|
|
Batting: SHB Bartholomeu Chambino
|
0-0: Ball 1-0: Fly out, F6 (Popup, 6, EV 50.0 MPH)
|
|
Batting: RHB C.J. Richerson
|
0-0: Foul Ball, location: 2F 0-1: Swinging Strike 0-2: Foul Ball, location: 2F 0-2: Ball 1-2: Ground out 1-3 (Groundball, 25, EV 70.0 MPH)
|
| Top of the 5th over - 0 runs, 0 hits, 1 error, 1 left on base; New York 3 - Baltimore 1 |
| BOTTOM OF THE 5TH |
|
Baltimore Orioles batting - Pitching for New York Yankees : RHP John Brice
|
|
Batting: RHB Josh Hamilton
|
0-0: Called Strike 0-1: Ball 1-1: Fly out, F8 (Line Drive, 8RD, EV 112.5 MPH)
|
|
Batting: RHB Andres Leon
|
0-0: Ground out 3-1 (Groundball, 13, EV 81.9 MPH)
|
|
Batting: RHB Saimei Kudo
|
0-0: Foul Ball, location: 2F 0-1: Ball 1-1: Swinging Strike 1-2: Ball 2-2: Strikes out swinging
|
| Bottom of the 5th over - 0 runs, 0 hits, 0 errors, 0 left on base; New York 3 - Baltimore 1 |
| TOP OF THE 6TH |
|
New York Yankees batting - Pitching for Baltimore Orioles : LHP Randy Johnson Jr.
|
|
Batting: RHB Geni Prawiranega
|
0-0: Called Strike 0-1: Fly out, F6 (Popup, 6, EV 68.1 MPH)
|
|
Batting: RHB Kai Bellow
|
0-0: Called Strike 0-1: Swinging Strike 0-2: Strikes out looking
|
|
Batting: LHB Jordan de Jesus
|
0-0: Ball 1-0: Foul Ball, location: 2F 1-1: Called Strike 1-2: TRIPLE (Line Drive, 78XD, EV 105.0 MPH)
|
|
Batting: LHB David Bramble
|
0-0: SINGLE (Line Drive, 8LS, EV 105.0 MPH) Jordan de Jesus scores
|
|
Batting: LHB Yao-pang Tien
|
0-0: Ball 1-0: Called Strike 1-1: Ball 2-1: SINGLE (Line Drive, 9S, EV 91.9 MPH) David Bramble to second
|
|
Batting: LHB Jason Peck
|
0-0: Fly out, F9 (Line Drive, 9S, EV 95.0 MPH)
|
| Top of the 6th over - 1 run, 3 hits, 0 errors, 2 left on base; New York 4 - Baltimore 1 |
| BOTTOM OF THE 6TH |
|
Baltimore Orioles batting - Pitching for New York Yankees : RHP John Brice
|
|
Batting: RHB Marc Peckermark
|
0-0: SINGLE (Groundball, 4D, EV 101.9 MPH)
|
|
Batting: LHB Brad Pepin
|
0-0: Ball 1-0: Called Strike 1-1: Ball 2-1: Called Strike 2-2: Strikes out swinging
|
|
Batting: RHB Kevin Howard
|
0-0: Called Strike Marc Peckermark is caught stealing 2nd base 2-4 0-1: Foul Ball, location: 2F 0-2: Strikes out looking
|
| Bottom of the 6th over - 0 runs, 1 hit, 0 errors, 0 left on base; New York 4 - Baltimore 1 |
| TOP OF THE 7TH |
|
New York Yankees batting - Pitching for Baltimore Orioles : LHP Randy Johnson Jr.
|
|
Batting: LHB Evan Torraville
|
0-0: Swinging Strike 0-1: Ball 1-1: SINGLE (Line Drive, 34D, EV 100.0 MPH)
|
|
Pitching: RHP Mike Hurst
|
|
|
Batting: SHB Bartholomeu Chambino
|
0-0: Called Strike Evan Torraville steals 2nd base (no throw) 0-1: Ball 1-1: Foul Ball, location: 2F 1-2: Ball 2-2: Ground out 4-3 (Groundball, 4M, EV 99.4 MPH) Evan Torraville to third
|
|
Batting: RHB C.J. Richerson
|
0-0: Intentional Walk
|
|
Batting: RHB Geni Prawiranega
|
0-0: Ball 1-0: Called Strike 1-1: Called Strike 1-2: Strikes out swinging
|
|
Batting: RHB Kai Bellow
|
0-0: Swinging Strike 0-1: Ball 1-1: Ball 2-1: Foul Ball, location: 2F 2-2: Strikes out swinging
|
| Top of the 7th over - 0 runs, 1 hit, 0 errors, 2 left on base; New York 4 - Baltimore 1 |
| BOTTOM OF THE 7TH |
|
Baltimore Orioles batting - Pitching for New York Yankees : RHP John Brice
|
|
Pitching: RHP Juan Hurtado
|
|
|
Batting: RHB Alex Rodriguez Jr.
|
0-0: Called Strike 0-1: Ground out 5-3 (Groundball, 5, EV 82.5 MPH)
|
|
Batting: LHB Bob Melley
|
0-0: Called Strike 0-1: Ball 1-1: Called Strike 1-2: Ball 2-2: Foul Ball, location: 2F 2-2: Ball 3-2: Base on Balls
|
|
Batting: RHB Ruben Garza
|
0-0: Called Strike 0-1: Foul Ball, location: 2F 0-2: Ball 1-2: Strikes out swinging
|
|
Batting: RHB Josh Hamilton
|
0-0: Ball 1-0: Swinging Strike 1-1: Ball 2-1: Ball 3-1: Base on Balls Bob Melley to second
|
|
Batting: RHB Andres Leon
|
0-0: Ball 1-0: Ball 2-0: Foul Ball, location: 2F 2-1: Ball 3-1: Ground out U3 (Groundball, 23, EV 81.3 MPH)
|
| Bottom of the 7th over - 0 runs, 0 hits, 0 errors, 2 left on base; New York 4 - Baltimore 1 |
| TOP OF THE 8TH |
|
New York Yankees batting - Pitching for Baltimore Orioles : RHP Mike Hurst
|
|
Batting: LHB Jordan de Jesus
|
0-0: Foul Ball, location: 2F 0-1: Ball 1-1: DOUBLE (Line Drive, 9LM, EV 102.5 MPH)
|
|
Batting: LHB David Bramble
|
0-0: 2-RUN HOME RUN (Flyball, 9D, EV 97.5 MPH), Distance : 390 ft
|
|
Batting: LHB Yao-pang Tien
|
0-0: Foul Ball, location: 2F 0-1: Foul Ball, location: 2F 0-2: Ball 1-2: Foul Ball, location: 2F 1-2: Ball 2-2: Ground out 4-3 (Groundball, 34D, EV 86.9 MPH)
|
|
Batting: LHB Jason Peck
|
0-0: Ball 1-0: Called Strike 1-1: Foul Ball, location: 2F 1-2: Foul Ball, location: 2F 1-2: Strikes out swinging
|
|
Batting: LHB Evan Torraville
|
0-0: Ball 1-0: Called Strike 1-1: SINGLE (Line Drive, 34D, EV 103.8 MPH)
|
|
Batting: SHB Bartholomeu Chambino
|
0-0: Called Strike Evan Torraville steals 2nd base (no throw) 0-1: Ball 1-1: Ground out U3 (Groundball, 3S, EV 65.6 MPH)
|
| Top of the 8th over - 2 runs, 3 hits, 0 errors, 1 left on base; New York 6 - Baltimore 1 |
| BOTTOM OF THE 8TH |
|
Baltimore Orioles batting - Pitching for New York Yankees : RHP Juan Hurtado
|
|
Batting: RHB Saimei Kudo
|
0-0: Ball 1-0: Swinging Strike 1-1: Ball 2-1: Called Strike 2-2: Strikes out swinging
|
|
Batting: RHB Marc Peckermark
|
0-0: Foul Ball, location: 2F 0-1: Ball 1-1: Ball 2-1: Called Strike 2-2: Foul Ball, location: 2F 2-2: Ground out 5-3 (Groundball, 5, EV 81.9 MPH)
|
|
Batting: LHB Brad Pepin
|
0-0: Fly out, F6 (Popup, 6, EV 66.3 MPH)
|
| Bottom of the 8th over - 0 runs, 0 hits, 0 errors, 0 left on base; New York 6 - Baltimore 1 |
| TOP OF THE 9TH |
|
New York Yankees batting - Pitching for Baltimore Orioles : RHP Mike Hurst
|
|
Batting: RHB C.J. Richerson
|
0-0: Ball 1-0: Ball 2-0: Ball 3-0: Called Strike 3-1: Called Strike 3-2: Foul Ball, location: 2F 3-2: Foul Ball, location: 2F 3-2: Foul Ball, location: 2F 3-2: Fly out, F8 (Line Drive, 8LM, EV 90.0 MPH)
|
|
Pitching: LHP Bubba Fields
|
|
|
Batting: RHB Geni Prawiranega
|
0-0: Ball 1-0: SINGLE (Line Drive, 56D, EV 106.3 MPH)
|
|
Batting: RHB Kai Bellow
|
0-0: Ball 1-0: Called Strike 1-1: Ball 2-1: DOUBLE (Groundball, 5L, EV 95.0 MPH) Geni Prawiranega to third
|
|
Batting: LHB Jordan de Jesus
|
0-0: Ball 1-0: Foul Ball, location: 2F 1-1: Ball 2-1: Ground out 3-1 (Groundball, 34S, EV 92.5 MPH) Geni Prawiranega scores Kai Bellow to third
|
|
Batting: LHB David Bramble
|
0-0: Called Strike 0-1: Called Strike 0-2: Ball 1-2: Ground out 4-3 (Groundball, 4, EV 105.6 MPH)
|
| Top of the 9th over - 1 run, 2 hits, 0 errors, 1 left on base; New York 7 - Baltimore 1 |
| BOTTOM OF THE 9TH |
|
Baltimore Orioles batting - Pitching for New York Yankees : RHP Juan Hurtado
|
|
Batting: RHB Kevin Howard
|
0-0: Foul Ball, location: 2F 0-1: SINGLE (Line Drive, 89M, EV 98.8 MPH)
|
|
Batting: RHB Alex Rodriguez Jr.
|
0-0: Ball 1-0: Grounds into double play, 6-4-3 (Groundball, 6, EV 91.9 MPH)
|
|
Batting: LHB Bob Melley
|
0-0: Ball 1-0: Ball 2-0: Called Strike 2-1: Ball 3-1: Base on Balls
|
|
Batting: RHB Ruben Garza
|
0-0: Called Strike 0-1: Ball 1-1: Called Strike 1-2: Strikes out swinging
|
| Bottom of the 9th over - 0 runs, 1 hit, 0 errors, 1 left on base; New York 7 - Baltimore 1 |
|